 Dungeon Crawl Stone Soup version 0.30-a0-760-g5a9884bb7c (webtiles) character file.

Game seed: 147340620531542340

2224038 browni3141 the Conqueror (level 27, 284/284 (290) HPs)
             Began as an Ogre Summoner on Feb 10, 2023.
             Was a High Priest of Hepliaklqana.
             Escaped with the Orb
             ... and 4 runes on Feb 11, 2023!
             The game lasted 05:16:29 (76451 turns).

browni3141 the Conqueror (Ogre Summoner)           Turns: 76451, Time: 05:16:29

HP:   284/284 (290) AC: 12    Str: 29    XL:     27
MP:   10/54         EV:  8    Int: 32    God:    Hepliaklqana [*****.]
Gold: 2612          SH: 13    Dex:  7    Spells: 26/80 levels left

rFire   + . .      SeeInvis .    (no weapon)
rCold   + + .      Faith    .    B - +5 kite shield {reflect}
rNeg    + . .      Spirit   .    A - +0 swamp dragon scales
rPois   +          Reflect  +    t - +2 hood of the Assassin {Detect Stab+ Stlth++}
rElec   +          Harm     .    k - +0 cloak of Lovauhi {Will+ Regen+ Str+9 Stlth-}
rCorr   +          Rampage  .    (gloves unavailable)
Will    +++..                    (boots unavailable)
Stlth   +                        U - amulet of Vitality {RegenMP++ Regen++}
HPRegen 3.07/turn                W - ring of Siotaser {rF+ rN+ rCorr}
MPRegen 1.14/turn                Q - ring of Syill {*Slow rElec rC++ Int+6}

@: forested, calling dragons, studying 2 skills, lightly drained
A: reduced essence, large, unfitting armour, tough skin 1, clumsy 1
0: Orb of Zot
}: 4/15 runes: decaying, serpentine, slimy, silver
a: Renounce Religion, Recall Ancestor, Ancestor Identity, Transference, Idealise


You escaped.
You worshipped Hepliaklqana.
Hepliaklqana was extremely pleased with you.
You visited 11 branches of the dungeon, and saw 55 of its levels.
You also visited: Gauntlet, Ice Cave and Volcano.

You collected 8703 gold pieces.
You spent 6091 gold pieces at shops.

Inventory:

Missiles
 h - 16 curare-tipped darts
 n - 7 silver javelins
 y - 4 throwing nets
Armour
 k - the +0 cloak of Lovauhi (worn) {Will+ Regen+ Str+9 Stlth-}
   (You bought it in a shop on level 2 of the Depths)

   Str:       It affects your strength (+9).
   Regen:     It increases your rate of health regeneration.
   Will:      It increases your willpower.
   Stlth:     It makes you less stealthy.
 t - the +2 hood of the Assassin (worn) {Detect Stab+ Stlth++}
   (You found it on level 5 of the Vaults)

   Detect:    It allows the wearer to sense nearby creatures.
   Stab+:     It allows the wearer to make particularly effective stabbing
   attacks against helpless or unaware enemies with any weapon.
   Stlth:     It makes you much more stealthy.
 A - +0 swamp dragon scales (worn)
 B - a +5 kite shield of reflection (worn)
 J - +0 gold dragon scales
 X - the +1 fire dragon scales "Bazatitzesm" {rF++ rC- Dex+3 Stlth+}
   (You acquired it on level 2 of the Vaults)

   Dex:       It affects your dexterity (+3).
   rF:        It greatly protects you from fire.
   rC:        It makes you vulnerable to cold.
   Stlth:     It makes you more stealthy.
Jewellery
 i - the ring of Sloth {Int+5 Dex+6}
   (You found it on level 3 of the Elven Halls)

   [ring of dexterity]

   Int:       It affects your intelligence (+5).
   Dex:       It affects your dexterity (+6).
 v - a ring of flight
 C - a ring of protection from cold
 Q - the ring of Syill (right hand) {*Slow rElec rC++ Int+6}
   (You found it on level 5 of the Vaults)

   [ring of intelligence]

   Int:       It affects your intelligence (+6).
   rC:        It greatly protects you from cold.
   rElec:     It insulates you from electricity.
   *Slow:     It may slow you when you take damage.
 T - the ring of the Lily {*Corrode rElec MP+9 Int+3 Slay+5}
   (You found it on level 3 of the Swamp)

   [ring of magical power]

   Int:       It affects your intelligence (+3).
   Slay:      It affects your accuracy & damage with ranged weapons and melee
   (+5).
   rElec:     It insulates you from electricity.
   MP:        It affects your magic capacity (+9).
   *Corrode:  It may corrode you when you take damage.
 U - the amulet of Vitality (around neck) {RegenMP++ Regen++}
   (You found it on level 5 of the Vaults)

   [amulet of magic regeneration]

   It increases your rate of magic regeneration.
   Regen:     It increases your rate of health regeneration.
 V - a ring of willpower
 W - the ring of Siotaser (left hand) {rF+ rN+ rCorr}
   (You bought it in a shop on level 2 of the Vaults)

   [ring of protection from fire]

   rF:        It protects you from fire.
   rN:        It protects you from negative energy.
   rCorr:     It protects you from acid and corrosion.
Wands
 a - a wand of digging (6)
 o - a wand of flame (99)
 F - a wand of iceblast (36)
 H - a wand of paralysis (25)
 I - a wand of light (29)
 L - a wand of mindburst (18)
Scrolls
 d - 9 scrolls of magic mapping
 e - 5 scrolls of enchant armour
 p - 33 scrolls of identify
 r - 14 scrolls of immolation
 s - 10 scrolls of fear
 x - 20 scrolls of teleportation
 z - 10 scrolls of blinking
 E - 8 scrolls of poison
 G - 6 scrolls of fog
 K - 2 scrolls of silence
 P - 6 scrolls of vulnerability
Potions
 b - 6 potions of magic
 c - 13 potions of attraction
 l - 11 potions of haste
 m - 9 potions of mutation
 q - 10 potions of heal wounds
 u - a potion of resistance
 w - 31 potions of curing
 D - 5 potions of brilliance
 M - 4 potions of ambrosia
 N - 11 potions of lignification
 R - 6 potions of invisibility
 S - 3 potions of cancellation
Miscellaneous
 f - a box of beasts
 g - a lightning rod (4/4)
 j - a condenser vane
 O - a tin of tremorstones (2/2)
 Y - a phial of floods
 Z - a phantom mirror


   Skills:
 O Level 27 Fighting
 - Level 6.0 Throwing
 - Level 4.9 Armour
 - Level 4.9 Dodging
 - Level 1.4 Stealth
 - Level 4.9 Shields
 O Level 27 Spellcasting
 - Level 2.0 Hexes
 O Level 27 Summonings
 - Level 4.0 Translocations
 - Level 3.0 Air Magic
 * Level 21.0 Invocations
 - Level 12.0 Evocations


You had 26 spell levels left.
You knew the following spells:

 Your Spells              Type           Power      Damage    Failure   Level
a - Summon Small Mammal   Summ           100%       N/A       0%          1
b - Call Imp              Summ           100%       N/A       0%          2
c - Call Canine Familiar  Summ           100%       N/A       0%          3
d - Summon Guardian Gole  Hex/Summ       94%        N/A       0%          3
e - Summon Lightning Spi  Summ/Air       95%        N/A       1%          4
f - Summon Forest         Summ/Tloc      48%        N/A       1%          5
g - Summon Hydra          Summ           60%        N/A       1%          7
h - Summon Mana Viper     Hex/Summ       94%        N/A       1%          5
i - Monstrous Menagerie   Summ           60%        N/A       1%          7
j - Summon Horrible Thin  Summ           60%        N/A       1%          8
k - Dragon's Call         Summ           60%        N/A       2%          9

Your spell library contained the following spells:

 Spells                   Type           Power      Damage    Failure   Level
 Beastly Appendage        Tmut           86%        N/A       1%          1
 Magic Dart               Conj           100%       1d8       1%          1
 Shock                    Conj/Air       100%       1d9       1%          1
 Cigotuvi's Dreadful Rot  Necr/Pois/Air  98%        N/A       1%          2
 Ensorcelled Hibernation  Hex/Ice        98%        N/A       1%          2
 Static Discharge         Conj/Air       100%       2-7/arc   1%          2
 Kindle Blastsparks       Fire/Tloc/Air  100%       2d18      1%          3
 Swiftness                Air            58%        N/A       1%          3
 Vhi's Electric Charge    Tloc/Air       100%       N/A       1%          3
 Summon Ice Beast         Ice/Summ       92%        N/A       1%          4
 Passwall                 Tmut/Erth      35%        N/A       2%          2
 Searing Ray              Conj           86%        2d7       2%          2
 Sublimation of Blood     Necr           43%        N/A       2%          2
 Wereblood                Tmut           43%        N/A       2%          2
 Tukima's Dance           Hex            54%        N/A       2%          3
 Dazzling Flash           Conj/Hex       98%        N/A       3%          3
 Inner Flame              Hex/Fire       49%        N/A       3%          3
 Mephitic Cloud           Conj/Pois/Air  49%        N/A       3%          3
 Manifold Assault         Tloc           62%        N/A       3%          4
 Passage of Golubria      Tloc           62%        N/A       3%          4
 Ignite Poison            Fire/Tmut/Pois 43%        N/A       4%          3
 Ozocubu's Armour         Ice            43%        N/A       4%          3
 Spider Form              Tmut/Pois      43%        N/A       4%          3
 Stone Arrow              Conj/Erth      86%        3d12      4%          3
 Airstrike                Air            29%        2d(5-21)  4%          4
 Spellforged Servitor     Conj/Summ      46%        N/A       5%          7
 Cause Fear               Hex            27%        N/A       8%          4
 Iskenderun's Mystic Bla  Conj/Tloc      54%        2d12      8%          4
 Anguish                  Hex/Necr       24%        N/A       11%         4
 Fulminant Prism          Conj/Hex       24%        3d12      11%         4
 Dispel Undead            Necr           43%        3d17      17%         4
 Flame Wave               Conj/Fire      43%        2d11      17%         4
 Ice Form                 Ice/Tmut       43%        N/A       17%         4
 Olgreb's Toxic Radiance  Pois           43%        N/A       17%         4
 Sticky Flame             Conj/Fire      43%        2d6       17%         4
 Silence                  Hex/Air        28%        N/A       17%         5
 Arcjolt                  Conj/Air       25%        1d35      26%         5
 Lightning Bolt           Conj/Air       25%        1d41      26%         5
 Freezing Cloud           Conj/Ice/Air   24%        6-21      30%         5
 Metabolic Englaciation   Hex/Ice        24%        N/A       30%         5
 Yara's Violent Unravell  Hex/Tmut       24%        3d11      30%         5
 Agony                    Necr           43%        N/A       43%         5
 Alistair's Intoxication  Tmut/Pois      28%        N/A       43%         5
 Borgnjor's Vile Clutch   Necr/Erth      21%        N/A       43%         5
 Irradiate                Conj/Tmut      21%        3d18      43%         5
 Iskenderun's Battlesphe  Conj           43%        2d9       43%         5
 Lee's Rapid Deconstruct  Erth           21%        3d12*     43%         5
 Dispersal                Tloc           31%        N/A       45%         6
 Conjure Ball Lightning   Conj/Air       25%        3x3d7     80%         6
 Death Channel            Necr           21%        N/A       95%         6
 Eringya's Noxious Bog    Tmut/Pois      21%        N/A       95%         6
 Iron Shot                Conj/Erth      21%        9d5       95%         6
 Simulacrum               Ice/Necr       21%        N/A       95%         6
 Enfeeble                 Hex            27%        N/A       99%         7
 Dragon Form              Tmut           21%        N/A       100%        7
 Ozocubu's Refrigeration  Ice            21%        4d12      100%        7
 Discord                  Hex            27%        N/A       100%        8
 Disjunction              Tloc           31%        N/A       100%        8
 Ignition                 Fire           21%        3d8       100%        8
 Necromutation            Tmut/Necr      21%        N/A       100%        8
 Death's Door             Necr           21%        N/A       100%        9
 Polar Vortex             Ice            21%        N/A       100%        9
 Shatter                  Erth           21%        3d19*     100%        9


Dungeon Overview and Level Annotations

Branches:
Dungeon (15/15)            Temple (0/1) D:7            Lair (5/5) D:8
  Swamp (4/4) Lair:3        Snake (4/4) Lair:3        Slime (5/5) Lair:5
    Orc (2/2) D:10            Elf (3/3) Orc:2        Vaults (5/5) D:13
  Crypt (3/3) Vaults:3       Tomb (0/3) Crypt:3      Depths (4/4) D:15
    Zot (5/5) Depths:4      IceCv (visited)         Volcano (visited)
Gauntlet (visited)

Altars:
Dithmenos
Elyvilon
Gozag
Hepliaklqana
Nemelex Xobeh
Okawaru
Ru
Sif Muna
Uskayaw
Xom
Yredelemnul
Zin
The Shining One
Jiyva

Shops:
D:6 (   D:10 (   Orc:2 **(=   Vaults:2 =   Vaults:3 *   Depths:2 ?[!=

Portals:
Hell: Depths:1 Depths:2 Depths:3 Depths:4
Abyss: Depths:3
Pandemonium: Orc:2 Depths:1 Depths:2
Ziggurat: Depths:4

Annotations:
Zot:3 3 runed translucent doors, exclusion: 3 doors, Bealaq's ghost, legendary GnFE; Joggorr's ghost, veteran OgBe; Kawoqao's ghost, legendary MiBe; Voulohy's ghost, veteran TrCK


Innate Abilities, Weirdness & Mutations

Your life essence is reduced to manifest your ancestor. (-10% HP)
You are too large for most types of armour.
You have tough skin. (AC +1)
You are clumsy. (Dex -2)


Message History

A root smacks the balrug from below!!
The balrug dies!
SirJeffrey23 hits the sun demon with a +0 broad axe of speed!!
Your quicksilver dragon bites the sun demon!
The sun demon dies!
Your quicksilver dragon bites the sun demon!
Your quicksilver dragon claws the sun demon.
The sun demon misses your quicksilver dragon.
Your mana viper bites the sun demon!
SirJeffrey23 hits the sun demon but does no damage.
A sun demon comes into view.
Your seven-headed hydra bites the sun demon but does no damage.
Your seven-headed hydra barely misses the sun demon.
Your seven-headed hydra completely misses the sun demon.
Your seven-headed hydra bites the sun demon but does no damage.
Your seven-headed hydra barely misses the sun demon.
Your seven-headed hydra bites the sun demon but does no damage. x2
Your quicksilver dragon bites the sun demon!!
The sun demon dies!
Your quicksilver dragon breathes dispelling energy at the sun demon.
The bolt of dispelling energy hits the sun demon!!!
Your dryad calls out to the forest.
Vines fly forth from the trees!
Your Invocations skill increases to level 21!
Casting: Summon Guardian Golem (safe; 0% risk of failure)
Confirm with . or Enter, or press ? or * to list all spells.
The plant is hit by a branch!
A tree reaches out and hits the sun demon!!
The sun demon dies!
Casting: Call Canine Familiar (safe; 0% risk of failure)
Confirm with . or Enter, or press ? or * to list all spells.
A tree reaches out and hits the plant!
Casting: Summon Small Mammal (safe; 0% risk of failure)
Confirm with . or Enter, or press ? or * to list all spells.
A root smacks the plant from below!
Your four-headed hydra disappears in a puff of smoke!
You can't go down here!
A nearby plant withers and dies.
Your snaplasher vine falls limply to the ground.
You have escaped!

...## #.##.# ###♣## #..# # #+##
#.#..♣ #♣.## ♣#..# #.#
#.#.~#♣##.♣.♣♣♣.#.#### #.#
#.###...........♣♣...# #.## #.#
♣.....┌D)...#♣.#.# ...##
###♣♣..♣♣#♣X♣♣..###..##### ....#
#~~..#bXDDD♣..##........
...######♣♣...#XRXkX♣...♣♣#.#####
#.......>..#..#.@XkS+..#.♣....#
#.#######♣♣...♣98XR.♣...#♣###.###
#.# ##..#hrw..#..♣# #.... #.#
♣..#♣#♣##♣..# ####.### #.#
♣...........♣ #....# #.######
#...........# ####### .......#
♣####.#.###♣# ##.## #.####.#
♣♣.♣# ##.#.# #.# #.# #######.#♣
#######.###.


You could see the friendly sirJeffrey23 the knight (fast, sheltered,
reflecting), 2 friendly tentacled monstrosities, 3 friendly quicksilver dragons,
a friendly seven-headed hydra (summoned, sheltered), a friendly dryad (summoned,
sheltered), 2 friendly lindwurms, 5 friendly large abominations, a friendly mana
viper (summoned, sheltered), a friendly guardian golem (summoned), a friendly
warg (summoned, sheltered), a friendly snaplasher vine (sheltered), a friendly
lightning spire (summoned, sheltered), a friendly bat (summoned, sheltered) and
a friendly rat (summoned, sheltered).

Vanquished Creatures
  the Royal Jelly (Slime:5)
  2 Killer Klowns (Zot:5)
  Nikola (Snake:1)
  An electric golem (Zot:2)
  A quicksilver dragon (Vaults:5)
  6 acid blobs (Slime:5)
  A deep elf master archer (Elf:3)
  A sphinx (Vaults:2)
  4 azure jellies (Slime:5)
  3 deep elf sorcerers (Elf:3)
  3 vault wardens
  A ghoul (Crypt:2)
  2 very ugly things
  5 quicksilver oozes (Slime:5)
  A deep elf death mage (Elf:3)
  A jiangshi (Crypt:2)
  3 deep elf high priests (Elf:3)
  7 vault guards
  An anaconda (Snake:4)
  A boulder beetle (Vaults:2)
  A death yak (Lair:4)
  A vampire mage (Crypt:2)
  A naga sharpshooter (Snake:4)
  An orc high priest (Vaults:4)
  2 deep elf knights
  A shock serpent (Snake:3)
  A fire crab (Volcano)
  2 skeletal warriors (D:14)
  A goliath frog (Swamp:1)
  A bog body (Swamp:4)
  4 ironbound convokers
  2 deep elf archers
  6 deep elf pyromancers
  2 lindwurms (Vaults:1)
  3 deep elf zephyrmancers (Elf:1)
  A mana viper (Snake:2)
  An orc sorcerer (Orc:2)
  3 orc knights (Vaults:4)
  A vault sentinel (Vaults:3)
  An orb spider zombie (Crypt:2)
  3 cane toads
  A rime drake (Lair:5)
  2 freezing wraiths
  3 yaktaurs
  A polar bear (Lair:4)
  A blink frog (Lair:5)
  3 slime creatures
  A wraith (Crypt:2)
  A steam dragon (Volcano)
  A swamp worm (Swamp:1)
  A water moccasin (Lair:4)
  9 orc warriors (Vaults:4)
  2 necrophages (Crypt:2)
  2 bullfrogs (D:7)
  3 electric eels (Lair:4)
  A hound (D:5)
  2 orc priests (Vaults:4)
  An adder (D:6)
  6 orcs
  A bat (D:2)
  A goblin (D:1)
  2 kobolds
  2 ball pythons
  A frilled lizard (D:1)
  A rat (D:2)
  2 snaplasher vines (Crypt:1)
136 creatures vanquished.

Vanquished Creatures (collateral kills)
  2 dread liches (Zot:5)
  3 ancient liches
  4 orbs of fire
  2 juggernauts
  Sojobo (Vaults:2)
  Josephina (Depths:3)
  A pandemonium lord (Zot:3)
  3 Killer Klowns
  Xtahua (Depths:3)
  the Lernaean hydra (Swamp:4)
  A curse toe (Crypt:3)
  4 caustic shrikes (Depths:2)
  11 golden dragons
  A Tzitzimitl (D:15)
  2 electric golems (Zot:5)
  2 walking crystal tomes (Depths:2)
  Mlioglotl (Snake:3)
  9 liches
  26 Orb Guardians
  2 deep elf blademasters
  18 tentacled monstrosities
  14 quicksilver dragons
  3 walking divine tomes (Depths:2)
  13 acid blobs
  5 titans
  A walking frostbound tome (Depths:2)
  An eldritch tentacle (Zot:4)
  An Executioner (D:11)
  Frances (Swamp:2)
  7 death cobs
  Agnes (D:15)
  A thorn hunter (Swamp:2)
  6 sphinxes
  14 ancient champions
  The ghost of Foxy the Spry, an adept KoBr of Okawaru (Swamp:4)
  8 shadow dragons
  12 tengu reavers
  9 azure jellies
  Donald (Vaults:1)
  14 storm dragons
  Kirke (Swamp:3)
  4 draconian monks
  8 nagarajas
  A fenstrider witch (Swamp:2)
  12 draconian knights
  6 revenants
  16 draconian scorchers
  12 rockslimes
  17 vault wardens
  10 fire giants
  3 iron dragons
  5 ghost moths
  7 frost giants
  2 curse skulls
  Aizul (Snake:3)
  10 deep elf sorcerers
  A juggernaut zombie (Depths:1)
  5 spectral caustic shrikes (Depths:3)
  2 deep elf elementalists (Elf:3)
  10 draconian stormcallers
  3 balrugs
  5 draconian shifters
  An orc warlord (Vaults:4)
  20 ironbound preservers
  7 ghouls
  A spriggan defender (Depths:3)
  7 draconian annihilators
  3 ironbound thunderhulks
  5 reapers
  6 quicksilver oozes
  2 war gargoyles
  18 stone giants
  23 very ugly things
  4 deep elf demonologists
  6 eleionomae
  7 black draconians
  14 green draconians
  9 vampire knights
  8 deep elf annihilators
  10 purple draconians
  10 yellow draconians
  14 red draconians
  5 bunyips
  13 dire elephants
  A minotaur (Gauntlet)
  5 spark wasps
  5 white draconians
  5 deep elf death magi
  4 eidola
  7 jiangshi
  12 fire dragons
  2 deep elf high priests (Elf:3)
  A merfolk impaler (Depths:1)
  10 great orbs of eyes
  11 yaktaur captains
  3 rakshasas
  14 ettins
  6 spriggan air magi
  35 vault guards
  8 ice dragons
  2 ghost crabs (Swamp:3)
  Erolcha (D:11)
  25 hydras
  A hydra (shapeshifter) (Depths:4)
  5 caustic shrike simulacra
  2 catoblepae
  A hell beast (Depths:1)
  An ogre mage (Vaults:5)
  2 boulder beetles
  A salamander tyrant (Snake:4)
  7 ironbound frosthearts
  Erica (D:8)
  4 anacondas
  2 peacekeepers
  4 naga warriors
  A radroach (shapeshifter) (Vaults:5)
  30 dancing weapons
  6 centaur warriors
  6 alligators
  A two-headed ogre (shapeshifter) (Vaults:2)
  3 vampire magi
  2 demonspawn (Orc:2)
  3 tengu warriors
  4 death knights
  A two-headed ogre (D:12)
  4 hell hogs (Depths:4)
  A quicksilver ooze zombie (Crypt:2)
  3 death yaks
  9 deep troll shamans
  10 soul eaters
  4 spriggan berserkers
  7 naga sharpshooters
  7 deep troll earth magi
  17 hell knights
  4 orc high priests (Orc:2)
  2 shock serpents
  17 deep elf knights
  6 iron trolls
  4 salamander mystics
  6 shadow wraiths
  A death drake (shapeshifter) (Depths:4)
  6 sun demons
  A death drake (Gauntlet)
  6 goliath frogs
  7 spriggan druids
  A titan skeleton (Depths:1)
  41 skeletal warriors
  A bunyip zombie (Crypt:2)
  A skyshark (Lair:5)
  4 flayed ghosts
  46 deep trolls
  An iron giant skeleton (Crypt:3)
  11 deep elf archers
  3 glowing orange brains
  14 swamp dragons
  17 bog bodies
  2 obsidian statues (IceCv)
  17 phantasmal warriors
  21 ironbound convokers
  A naga ritualist (Snake:2)
  22 deep elf pyromancers
  A steelbarb worm (shapeshifter) (Depths:3)
  8 wizards
  22 deep elf zephyrmancers
  11 orc knights
  6 lindwurms
  A harpy (shapeshifter) (D:14)
  3 mana vipers
  A spectral wolf spider (Gauntlet)
  8 necromancers
  8 harpies
  A shadow dragon skeleton (Depths:1)
  A wolf spider (Lair:5)
  2 shining eyes
  32 moths of wrath
  A manticore (shapeshifter) (Vaults:5)
  4 will-o-the-wisps
  6 manticores
  10 orc sorcerers
  A stone giant zombie (Depths:1)
  2 cyclopes
  A black mamba (shapeshifter) (Vaults:5)
  A shock serpent zombie (Crypt:3)
  35 ugly things
  Maurice (D:11)
  10 salamanders
  34 black mambas
  11 vault sentinels
  3 gargoyles
  2 torpor snails
  2 centaur skeletons (D:15)
  2 centaur zombies
  6 guardian serpents (Snake:4)
  8 naga magi
  3 eyes of devastation
  12 cane toads
  A fire giant skeleton (Depths:1)
  2 molten gargoyles (Volcano)
  4 smoke demons
  4 orange demons
  A rime drake (shapeshifter) (Vaults:5)
  An unseen horror (D:11)
  16 yaktaurs
  4 kobold demonologists
  3 rime drakes
  7 komodo dragons
  A tormentor (Depths:4)
  A red devil (Zot:3)
  4 tengu conjurers
  4 ice devils
  18 freezing wraiths
  An anaconda simulacrum (IceCv)
  A purple draconian skeleton (Crypt:3)
  A hydra zombie (Crypt:1)
  A harpy zombie (Crypt:3)
  6 trolls
  4 golden dragon simulacra
  2 polar bears
  A death drake zombie (Crypt:1)
  11 tyrant leeches
  A wolf spider simulacrum (D:15)
  A hellwing (Depths:2)
  An iron troll skeleton (Crypt:3)
  10 hornets
  A harpy skeleton (Crypt:3)
  A guardian serpent zombie (Crypt:2)
  A dream sheep (Lair:5)
  22 blink frogs
  A blink frog (shapeshifter) (Depths:2)
  An ettin zombie (Crypt:3)
  103 slime creatures
  2 centaur simulacra (Gauntlet)
  A sphinx simulacrum (Depths:1)
  5 air elementals
  A fire giant simulacrum (Depths:1)
  A ynoxinul (Depths:2)
  3 flying skulls (Crypt:3)
  A culicivora (shapeshifter) (Vaults:5)
  12 wraiths
  10 spriggans
  An ice dragon skeleton (Crypt:2)
  4 wyverns
  A black mamba skeleton (Crypt:2)
  4 fire bats (Volcano)
  6 water elementals
  26 yaks
  2 vampires
  5 hogs (Swamp:3)
  A fire bat (shapeshifter) (Vaults:5)
  2 large abominations (Gauntlet)
  5 basilisks
  8 golden eyes
  A steam dragon (Volcano)
  A neqoxec (Depths:2)
  A fire elemental (Elf:2)
  9 vampire mosquitoes
  2 harpy simulacra (IceCv)
  20 swamp worms
  27 nagas
  4 wargs
  2 acid dragons
  2 hydra simulacra (IceCv)
  3 hell hounds
  10 water moccasins
  A fire bat skeleton (Crypt:1)
  5 small abominations (Gauntlet)
  31 orc warriors
  7 swamp drakes (Swamp:4)
  2 black bears
  A lindwurm zombie (Crypt:2)
  2 ettin simulacra (IceCv)
  A sky beast (D:7)
  A dream sheep zombie (Crypt:3)
  6 ogres
  9 wolves
  12 centaurs
  2 phantoms (D:6)
  A snapping turtle skeleton (Crypt:1)
  3 kobold brigands
  10 bullfrogs
  33 nameless horrors
  A wyvern zombie (Crypt:2)
  2 vine stalker zombies
  2 gnoll sergeants
  2 scorpions
  2 earth elementals
  A cane toad simulacrum (Gauntlet)
  A deep troll simulacrum (IceCv)
  2 glowing shapeshifter simulacra
  An elf skeleton (Crypt:3)
  3 necrophages
  Dowan (D:5)
  4 wights
  2 killer bees (D:10)
  A troll skeleton (Crypt:3)
  6 lava snakes (Volcano)
  4 hounds
  A bullfrog skeleton (Crypt:2)
  2 gnoll boudas (D:6)
  31 orc priests
  9 jellies
  2 hell rats (Lair:1)
  21 orc wizards
  A boggart zombie (Gauntlet)
  5 iguanas
  An ogre zombie (Crypt:1)
  A hound zombie (Crypt:1)
  A boggart simulacrum (Gauntlet)
  Robin (D:3)
  17 gnolls
  8 adders
  5 river rats (Lair:1)
  4 shadow imps
  3 white imps
  4 ufetubi (D:7)
  An adder zombie (Crypt:2)
  2 worms
  A dart slug (D:3)
  75 orcs
  10 endoplasms
  A giant cockroach (D:3)
  7 goblins
  9 hobgoblins
  3 jackals (D:2)
  21 kobolds
  6 quokkas
  10 ball pythons
  4 bats
  7 frilled lizards
  A hobgoblin skeleton (Crypt:2)
  3 rats
2238 creatures vanquished.

Vanquished Creatures (others)
  Margery (Vaults:2)
  A tentacled monstrosity (Zot:2)
  An acid blob (Slime:5)
  A draconian knight (Zot:4)
  2 fire giants
  A vault warden (Vaults:2)
  A dire elephant (Lair:5)
  A hydra (Lair:3)
  A two-headed ogre (D:8)
  2 death yaks (Lair:2)
  2 deep elf knights
  A deep troll (Vaults:4)
  2 lindwurms
  Pikel (D:6)
  2 deep elf archers
  An orc sorcerer (Orc:2)
  A cyclops (D:13)
  A gargoyle (D:9)
  3 cane toads
  A komodo dragon (Lair:3)
  2 yaktaurs (Vaults:3)
  A hornet (D:8)
  3 bloated husks
  A tyrant leech (Swamp:1)
  A slime creature (Slime:5)
  2 spriggans
  A wyvern (Lair:4)
  7 yaks
  A steam dragon (D:8)
  Duvessa (D:5)
  2 orc warriors
  3 ice beasts
  2 black bears
  4 ogres
  6 wolves (Lair:1)
  A lemure (D:6)
  A kobold brigand (D:4)
  3 bullfrogs
  A necrophage (D:6)
  2 scorpions (D:5)
  3 killer bees (D:10)
  2 orc priests (D:5)
  3 iguanas
  10 ancestors
  63 knights
  An orc wizard (D:6)
  8 orcs
  A kobold (D:4)
  3 rats
  8 foxfires
  97 fungi
  99 plants
  19 snaplasher vines
  3 toadstools (Depths:2)
  4 withered plants
396 creatures vanquished.

Grand Total: 2770 creatures vanquished

Notes
Turn   | Place    | Note
-------+----------+-------------------------------------------
     0 | D:1      | browni3141 the Ogre Summoner began the quest for the Orb.
     0 | D:1      | Reached XP level 1. HP: 16/16 MP: 3/3
   349 | D:1      | Reached XP level 2. HP: 20/24 MP: 2/5
   592 | D:1      | Learned a level 2 spell: Call Imp
  1565 | D:2      | Reached XP level 3. HP: 31/31 MP: 0/7
  2012 | D:2      | Learned a level 3 spell: Call Canine Familiar
  2206 | D:2      | Reached XP level 4. HP: 29/39 MP: 4/8
  2321 | D:2      | Reached skill level 1 in Throwing
  2559 | D:3      | Noticed Robin
  2583 | D:3      | Reached skill level 5 in Summonings
  2592 | D:3      | Killed Robin
  2593 | D:3      | Reached XP level 5. HP: 44/45 MP: 5/9
  3757 | D:4      | Learned a level 3 spell: Summon Guardian Golem
  4074 | D:4      | Noticed a kobold brigand
  4128 | D:4      | Killed a kobold brigand
  4129 | D:4      | Reached skill level 1 in Hexes
  4129 | D:4      | Reached XP level 6. HP: 43/53 MP: 4/11
  4553 | D:5      | Entered Level 5 of the Dungeon
  4577 | D:5      | Noticed an ice beast
  4699 | D:5      | Noticed an orc warrior
  4863 | D:5      | Killed an ice beast
  4950 | D:5      | Reached skill level 1 in Evocations
  5014 | D:5      | Reached XP level 7. HP: 59/59 MP: 9/13
  5147 | D:5      | Found a white marble altar of Elyvilon.
  5255 | D:5      | Reached skill level 5 in Spellcasting
  5410 | D:5      | Noticed Dowan
  5433 | D:5      | Noticed Duvessa
  5452 | D:5      | Killed Duvessa
  5457 | D:5      | Killed Dowan
  5458 | D:5      | Reached XP level 8. HP: 72/75 MP: 5/17
  5574 | D:5      | Found a sparkling altar of Nemelex Xobeh.
  5604 | D:5      | Found a glowing silver altar of Zin.
  5604 | D:5      | Found an iron altar of Okawaru.
  5605 | D:5      | Found a hazy altar of Hepliaklqana.
  5605 | D:5      | Found a hide-covered altar of Uskayaw.
  5696 | D:5      | Found a sacrificial altar of Ru.
  5769 | D:5      | Reached skill level 5 in Fighting
  5795 | D:5      | Found a shadowy altar of Dithmenos.
  5913 | D:5      | Found a glowing golden altar of the Shining One.
  6150 | D:5      | Found a shimmering altar of Xom.
  6466 | D:5      | Learned a level 4 spell: Summon Lightning Spire
  6639 | D:6      | Reached skill level 1 in Air Magic
  6906 | D:6      | Reached skill level 1 in Armour
  6997 | D:6      | Reached XP level 9. HP: 63/93 MP: 2/18
  7363 | D:5      | Became a worshipper of Hepliaklqana the Forgotten
  8147 | D:6      | Noticed Pikel
  8185 | D:6      | Killed Pikel
  8374 | D:6      | Found Igasch's Antique Weapon Shoppe.
  8541 | D:6      | Identified the +7 shortbow "Kuis" {heavy, Dex+3}
  8660 | D:7      | Reached XP level 10. HP: 107/107 MP: 14/19
  8737 | D:7      | Found a staircase to the Ecumenical Temple.
  9142 | D:7      | Identified the +1 chain mail of the Constellations {rElec
                  | Dex+3}
  9488 | D:7      | Reached * piety under Hepliaklqana
  9756 | D:8      | Reached skill level 10 in Fighting
  9893 | D:8      | Found a staircase to the Lair.
 10407 | D:8      | Found a viscous altar of Jiyva.
 10559 | D:8      | Reached skill level 1 in Invocations
 10788 | D:8      | Noticed a two-headed ogre
 10804 | D:8      | Killed a two-headed ogre
 10885 | D:8      | Noticed Erica
 11440 | D:9      | Paralysed by an orc priest for 3 turns
 11450 | D:9      | Reached XP level 11. HP: 99/107 MP: 12/21
 12554 | D:9      | Reached ** piety under Hepliaklqana
 12555 | D:9      | Remembered your ancestor sirJeffrey23 as a knight
 12634 | D:9      | Learned a level 5 spell: Summon Forest
 12800 | D:10     | Entered Level 10 of the Dungeon
 13017 | D:10     | Found Cirigiyc's Weapon Boutique.
 13151 | D:10     | Found a staircase to the Orcish Mines.
 13647 | D:11     | Noticed a boulder beetle
 13655 | D:11     | Noticed Erolcha
 13801 | Lair:1   | Entered Level 1 of the Lair of Beasts
 14050 | Lair:1   | Reached skill level 1 in Translocations
 14050 | Lair:1   | Reached skill level 5 in Invocations
 14311 | Lair:1   | Reached XP level 12. HP: 118/118 MP: 8/24
 14453 | Lair:1   | Reached *** piety under Hepliaklqana
 15333 | Lair:2   | Noticed a death yak
 15334 | Lair:2   | Noticed a death yak
 15334 | Lair:2   | Noticed a death yak
 15355 | Lair:2   | Killed a death yak
 15372 | Lair:2   | Killed a death yak
 15377 | Lair:2   | Killed a death yak
 15729 | Lair:2   | Reached **** piety under Hepliaklqana
 15967 | Lair:2   | Noticed a seven-headed hydra
 15976 | Lair:2   | Killed a seven-headed hydra
 16511 | Lair:3   | Found a staircase to the Snake Pit.
 16539 | Lair:3   | Reached skill level 10 in Spellcasting
 16545 | Lair:3   | Noticed a six-headed hydra
 16550 | Lair:3   | Killed a six-headed hydra
 16588 | Lair:3   | Reached XP level 13. HP: 110/129 MP: 11/27
 16608 | Lair:3   | Reached skill level 5 in Throwing
 16873 | Lair:3   | Learned a level 7 spell: Summon Hydra
 17746 | Lair:3   | Found a staircase to the Swamp.
 18002 | Lair:4   | Reached ***** piety under Hepliaklqana
 19212 | Lair:5   | Entered Level 5 of the Lair of Beasts
 19245 | Lair:5   | Reached skill level 5 in Evocations
 19690 | Lair:5   | Reached skill level 15 in Fighting
 19746 | Lair:5   | Reached skill level 10 in Summonings
 19813 | Lair:5   | Found a runed translucent door.
 19815 | Lair:5   | Found a viscous altar of Jiyva.
 19816 | Lair:5   | Found a staircase to the Slime Pits.
 19824 | Lair:5   | Reached XP level 14. HP: 143/143 MP: 20/29
 20432 | Lair:5   | Noticed a dire elephant
 20449 | Lair:5   | Killed a dire elephant
 20642 | Lair:5   | Got Ucujuquy's Codex of the Voltaic Valley
 21190 | Lair:5   | Identified the +0 war axe of Loenuhaa {venom, Contam rC++
                  | rN+}
 21457 | Orc:1    | Entered Level 1 of the Orcish Mines
 21534 | Orc:1    | Found a dark tunnel.
 21615 | Volcano  | Entered a volcano
 21926 | Volcano  | Found a burning altar of Makhleb.
 22486 | Orc:2    | Entered Level 2 of the Orcish Mines
 22486 | Orc:2    | Found a staircase to the Elven Halls.
 22525 | Orc:2    | Paralysed by an orc sorcerer for 4 turns
 24419 | Orc:2    | Found Peppem's General Store.
 24430 | Orc:2    | Found Gollynesul's General Store.
 24616 | Orc:2    | Bought a scroll of noise for 15 gold pieces
 24616 | Orc:2    | Bought a scroll of identify for 30 gold pieces
 24619 | Orc:2    | Bought a scroll of teleportation for 45 gold pieces
 24619 | Orc:2    | Bought a potion of invisibility for 120 gold pieces
 24619 | Orc:2    | Bought a scroll of identify for 30 gold pieces
 24882 | Orc:2    | Gained mutation: You are clumsy. (Dex -2) [a neqoxec]
 25105 | Orc:2    | Reached XP level 15. HP: 53/153 MP: 2/31
 25716 | Orc:2    | Found Piques's Jewellery Emporium.
 25716 | Orc:2    | Found Qobruygh's Antique Weapon Shoppe.
 25717 | Orc:2    | Found a one-way gate leading to the halls of Pandemonium.
 25723 | Orc:2    | Bought an amulet of the acrobat for 510 gold pieces
 25723 | Orc:2    | Bought a ring of willpower for 425 gold pieces
 25936 | D:8      | Killed Erica
 26079 | D:11     | Killed Erolcha
 26598 | D:11     | Noticed Maurice
 26602 | D:11     | Killed Maurice
 27784 | D:13     | Found a gate to the Vaults.
 28772 | D:14     | Reached ****** piety under Hepliaklqana
 30036 | D:15     | Entered Level 15 of the Dungeon
 30123 | D:15     | Reached XP level 16. HP: 166/166 MP: 26/34
 30342 | D:15     | Found a gate leading to a gauntlet.
 30351 | Gauntlet | Entered a Gauntlet
 30351 | Gauntlet | Found a transporter.
 30361 | Gauntlet | Found a transporter.
 30364 | Gauntlet | Found a transporter.
 30365 | Gauntlet | Found a transporter.
 30373 | Gauntlet | Found a transporter.
 30376 | Gauntlet | Found a transporter.
 30377 | Gauntlet | Found a transporter.
 30384 | Gauntlet | Found a runed translucent gate.
 30385 | Gauntlet | Found a runed translucent gate.
 30386 | Gauntlet | Found a transporter.
 30389 | Gauntlet | Found a transporter.
 30390 | Gauntlet | Found a transporter.
 30398 | Gauntlet | Found a transporter.
 30398 | Gauntlet | Found a runed translucent gate.
 30401 | Gauntlet | Found a transporter.
 30402 | Gauntlet | Found a transporter.
 30410 | Gauntlet | Found a transporter.
 31518 | Gauntlet | Identified the +2 war axe "Womel" {antimagic, Dex+5 Stlth+}
 31650 | D:15     | Noticed Agnes
 31660 | D:15     | Killed Agnes
 31910 | D:15     | Reached skill level 15 in Spellcasting
 32235 | D:15     | Found a staircase to the Depths.
 32745 | Snake:1  | Entered Level 1 of the Snake Pit
 33450 | Snake:1  | Noticed Nikola
 33467 | Snake:1  | Killed Nikola
 34204 | Snake:2  | Noticed a nagaraja
 34210 | Snake:2  | Killed a nagaraja
 34665 | Snake:3  | Noticed Aizul
 34675 | Snake:3  | Killed Aizul
 34676 | Snake:3  | Reached skill level 1 in Shields
 34823 | Snake:3  | Found a shimmering blue altar of Sif Muna.
 35153 | Snake:3  | Noticed Mlioglotl
 35228 | Snake:3  | Killed Mlioglotl
 35536 | Snake:4  | Entered Level 4 of the Snake Pit
 35536 | Snake:4  | Noticed a nagaraja
 35544 | Snake:4  | Killed a nagaraja
 35735 | Snake:4  | Noticed a nagaraja
 35741 | Snake:4  | Killed a nagaraja
 35905 | Snake:4  | Reached XP level 17. HP: 178/178 MP: 25/36
 37446 | Snake:4  | Got a serpentine rune of Zot
 38266 | Swamp:1  | Entered Level 1 of the Swamp
 39667 | Swamp:2  | Reached skill level 15 in Summonings
 40433 | Swamp:2  | Noticed Frances
 40444 | Swamp:2  | Killed Frances
 40559 | Swamp:2  | Reached XP level 18. HP: 187/193 MP: 20/38
 40841 | Swamp:3  | Noticed Kirke
 40850 | Swamp:3  | Killed Kirke
 41076 | Swamp:3  | Identified the amulet of Arofil {Harm rN+ Regen+ Int+3
                  | Dex-2}
 41441 | Swamp:3  | Identified the ring of the Lily {*Corrode rElec MP+9 Int+3
                  | Slay+5}
 41542 | Swamp:4  | Entered Level 4 of the Swamp
 41904 | Swamp:4  | Found a frozen archway.
 42088 | IceCv    | Entered an ice cave
 43650 | Swamp:4  | Found a runed translucent door.
 43650 | Swamp:4  | Noticed Foxy's ghost (adept KoBr)
 43677 | Swamp:4  | Killed Foxy's ghost
 44011 | Swamp:4  | Noticed the 27-headed Lernaean hydra
 44027 | Swamp:4  | Killed the 26-headed Lernaean hydra
 44179 | Swamp:4  | Got a decaying rune of Zot
 44182 | Swamp:4  | Got the Papyrus of the Missiles
 44452 | Slime:1  | Entered Level 1 of the Pits of Slime
 44935 | Slime:1  | Reached XP level 19. HP: 212/212 MP: 25/39
 46331 | Slime:5  | Entered Level 5 of the Pits of Slime
 47187 | Slime:4  | Reached skill level 27 in Fighting
 47546 | Slime:5  | Found a viscous altar of Jiyva.
 47546 | Slime:5  | Noticed the Royal Jelly
 47585 | Slime:5  | Killed the Royal Jelly
 47897 | Slime:5  | Got Sif Muna's Omnibus of Blasts and Toxicity
 47903 | Slime:5  | Identified the +1 buckler "Eptemuh" {rCorr Dex+5 Slay+3
                  | Stlth-}
 47914 | Slime:5  | Identified the amulet of Udwyin {RegenMP +Inv Regen+}
 47945 | Slime:5  | Identified the +2 morningstar of the Grinning Fulmar {holy,
                  | rC- Will++ rCorr}
 47949 | Slime:5  | Identified the +2 mace of Vikeosm {drain, Str+3}
 47985 | Slime:5  | Identified the ring "Gibioxt" {rElec rF+ Will- rCorr}
 48036 | Slime:5  | Got a slimy rune of Zot
 48112 | Slime:5  | Learned a level 5 spell: Summon Mana Viper
 48120 | Slime:5  | Learned a level 7 spell: Monstrous Menagerie
 48458 | Depths:1 | Entered Level 1 of the Depths
 48663 | Vaults:1 | Entered Level 1 of the Vaults
 48794 | Vaults:1 | Reached XP level 20. HP: 201/230 MP: 30/40
 49302 | Vaults:1 | Reached skill level 10 in Invocations
 49562 | Vaults:1 | Noticed Donald
 49598 | Vaults:1 | Killed Donald
 50402 | Vaults:2 | Found Biystah's Jewellery Shoppe.
 50410 | Vaults:2 | Bought the ring of Siotaser {rF+ rN+ rCorr} for 877 gold
                  | pieces
 50693 | Vaults:2 | Reached skill level 10 in Evocations
 51026 | Vaults:2 | Noticed Margery
 51039 | Vaults:2 | Killed Margery
 51430 | Vaults:2 | Reached XP level 21. HP: 142/238 MP: 7/42
 51659 | Vaults:2 | Noticed Sojobo
 51672 | Vaults:2 | Killed Sojobo
 51730 | Vaults:2 | Identified a scroll of acquirement
 51731 | Vaults:2 | Acquired the +1 fire dragon scales "Bazatitzesm" {rF++ rC-
                  | Dex+3 Stlth+}
 52183 | Vaults:3 | Found Liwim's General Store.
 52230 | Vaults:3 | Bought Qaneshro's Volume of Assistive Location for 690 gold
                  | pieces
 52230 | Vaults:3 | Bought a potion of heal wounds for 115 gold pieces
 52230 | Vaults:3 | Bought a potion of attraction for 69 gold pieces
 52230 | Vaults:3 | Bought a scroll of teleportation for 69 gold pieces
 52230 | Vaults:3 | Bought a potion of heal wounds for 115 gold pieces
 52239 | Vaults:3 | Learned a level 8 spell: Summon Horrible Things
 53127 | Vaults:3 | Found a staircase to the Crypt.
 54918 | Vaults:4 | Reached XP level 22. HP: 210/247 MP: 45/45
 55176 | Crypt:1  | Entered Level 1 of the Crypt
 55910 | Crypt:1  | You fall into a shaft and drop 1 floor!
 56312 | Crypt:2  | Identified the +9 dagger of Giniur {flame, rC+ rCorr}
 57174 | Crypt:1  | Found a basalt altar of Yredelemnul.
 57560 | Crypt:3  | Entered Level 3 of the Crypt
 57800 | Crypt:3  | Learned a level 9 spell: Dragon's Call
 58031 | Crypt:3  | Reached XP level 23. HP: 211/255 MP: 35/47
 58165 | Crypt:3  | Noticed a curse toe
 58171 | Crypt:3  | Killed a curse toe
 58560 | Crypt:3  | Found a staircase to the Tomb.
 58940 | Crypt:3  | Noticed an ancient lich
 58941 | Crypt:3  | Noticed an ancient lich
 59107 | Crypt:3  | Killed an ancient lich
 59154 | Crypt:3  | Killed an ancient lich
 59177 | Crypt:3  | Identified the +8 battleaxe of Sudden Death {vamp, Dex+5}
 59184 | Crypt:3  | Got Ajihulif's Vellum of Sculpting and the Crypt
 59186 | Crypt:3  | Identified the +9 shortbow "Fahum" {drain, rPois rN+}
 59468 | Elf:1    | Entered Level 1 of the Elven Halls
 60586 | Elf:2    | Found a runed translucent gate.
 60586 | Elf:2    | Found a runed translucent gate.
 60586 | Elf:2    | Found a runed translucent gate.
 61665 | Elf:3    | Entered Level 3 of the Elven Halls
 61739 | Elf:3    | Paralysed by an air elemental for 1 turns
 61746 | Elf:3    | Paralysed by an air elemental for 1 turns
 61931 | Elf:3    | Reached XP level 24. HP: 159/265 MP: 48/48
 62179 | Elf:3    | Identified the +6 mace of Oenomania {flame, rElec rCorr
                  | MP+9 Int+2}
 62196 | Elf:3    | Identified the +6 flail of the Morning {flame, rC+}
 62271 | Elf:3    | Identified the ring of Sloth {Int+5 Dex+6}
 62299 | Elf:3    | Got the Exposition on Poison and Breccia
 62404 | Elf:3    | Identified the ring "Ehupam" {rF+ Int+3 Dex+6 SInv}
 62414 | Elf:3    | Identified the +1 pair of gloves of the Holding Gods {rF+
                  | Str+3 Int+3}
 62690 | Elf:3    | Got the Handbook of Momentum
 64325 | Depths:1 | Found a gateway to Hell.
 64584 | Depths:2 | Found Ximykadd's Distillery.
 64592 | Depths:2 | Found Ampag's Magic Scroll Shoppe.
 64593 | Depths:2 | Found Bagag's Armour Shoppe.
 64594 | Depths:2 | Found Urrodau's Jewellery Shoppe.
 64597 | Depths:2 | Bought a potion of heal wounds for 120 gold pieces
 64597 | Depths:2 | Bought a potion of heal wounds for 120 gold pieces
 64597 | Depths:2 | Bought a potion of curing for 72 gold pieces
 64597 | Depths:2 | Bought a potion of mutation for 192 gold pieces
 64597 | Depths:2 | Bought a potion of curing for 72 gold pieces
 64597 | Depths:2 | Bought a potion of curing for 72 gold pieces
 64597 | Depths:2 | Bought a potion of curing for 72 gold pieces
 64601 | Depths:2 | Bought a scroll of fear for 80 gold pieces
 64601 | Depths:2 | Bought a scroll of blinking for 150 gold pieces
 64601 | Depths:2 | Bought a scroll of immolation for 80 gold pieces
 64601 | Depths:2 | Bought a scroll of blinking for 150 gold pieces
 64601 | Depths:2 | Bought a scroll of acquirement for 1040 gold pieces
 64617 | Depths:2 | Acquired 681 gold pieces
 64623 | Depths:2 | Bought the +0 cloak of Lovauhi {Will+ Regen+ Str+9 Stlth-}
                  | for 761 gold pieces
 65176 | Depths:2 | Identified the +5 plate armour of the Invisible Hand {Will-
                  | Int+7}
 65315 | Depths:2 | Reached XP level 25. HP: 269/273 MP: 44/49
 65330 | Depths:2 | Identified the +5 whip "Genuubirch" {freeze, rCorr Int+3}
 65492 | Depths:2 | Identified the ring "Noegiah" {MP+9 Str+3}
 65494 | Depths:2 | Identified the +8 war axe of Freehold {pain, rPois Dex+2
                  | Stlth+}
 65987 | Depths:3 | Identified the ring of Zegie {Ice Dex+3}
 65987 | Depths:3 | Noticed Josephina
 65996 | Depths:3 | Killed Josephina
 66175 | Depths:3 | Identified the +0 glaive of Nigaosm {freeze, rF+ rC+}
 66177 | Depths:3 | Noticed Xtahua
 66183 | Depths:3 | Killed Xtahua
 66419 | Depths:3 | Found a one-way gate to the infinite horrors of the Abyss.
 66434 | Depths:3 | Noticed a juggernaut
 66444 | Depths:3 | Killed a juggernaut
 66841 | Depths:2 | Found an opulent altar of Gozag.
 66871 | Depths:2 | Noticed a juggernaut
 66881 | Depths:2 | Killed a juggernaut
 67005 | Depths:4 | Entered Level 4 of the Depths
 67587 | Depths:4 | Found a gate to the Realm of Zot.
 67632 | Depths:4 | Reached XP level 26. HP: 282/282 MP: 51/51
 67758 | Depths:4 | Found a one-way gateway to a ziggurat.
 68369 | Vaults:5 | Entered Level 5 of the Vaults
 68507 | Vaults:5 | Found the amulet of Vitality {RegenMP++ Regen++}
 68866 | Vaults:5 | Found the +2 hood of the Assassin {Detect Stab+ Stlth++}
 69524 | Vaults:5 | Found the +3 giant club "Skullcrusher" {speed, Str+7}
 69556 | Vaults:5 | Identified the ring of Syill {*Slow rElec rC++ Int+6}
 69627 | Vaults:5 | Got the Precepts of Horrible Frost
 69718 | Vaults:5 | Identified the +4 scale mail of Reuh {rF- Str+2 Slay+5}
 69746 | Vaults:5 | Got a silver rune of Zot
 70269 | Zot:1    | Entered Level 1 of the Realm of Zot
 70399 | Zot:1    | Acquired 364 gold pieces
 70530 | Zot:1    | Identified the ring "Lefeol" {*Corrode Fly AC+4 Dex+3}
 70759 | Zot:1    | Reached XP level 27. HP: 263/290 MP: 52/52
 71942 | Zot:2    | Reached skill level 27 in Summonings
 73135 | Zot:3    | Reached skill level 15 in Invocations
 73216 | Zot:3    | Noticed an orb of fire
 73226 | Zot:3    | Killed an orb of fire
 73793 | Zot:3    | Noticed Joggorr's ghost (veteran OgBe)
 73794 | Zot:3    | Found a runed translucent gate.
 73794 | Zot:3    | Noticed Kawoqao's ghost (legendary MiBe)
 73795 | Zot:3    | Found a runed translucent gate.
 73795 | Zot:3    | Noticed Bealaq's ghost (legendary GnFE)
 73795 | Zot:3    | Noticed Voulohy's ghost (veteran TrCK)
 73796 | Zot:3    | Found a runed translucent gate.
 74711 | Zot:5    | Entered Level 5 of the Realm of Zot
 74999 | Zot:5    | Identified the +5 war axe of Wumiuc {venom, rN+ Stlth+}
 75116 | Zot:5    | Noticed an ancient lich
 75122 | Zot:5    | Killed an ancient lich
 75170 | Zot:5    | Noticed an orb of fire
 75178 | Zot:5    | Killed an orb of fire
 75180 | Zot:5    | Noticed a dread lich
 75199 | Zot:5    | Killed a dread lich
 75209 | Zot:5    | Reached skill level 27 in Spellcasting
 75490 | Zot:5    | Noticed a dread lich
 75492 | Zot:5    | Killed a dread lich
 75586 | Zot:5    | Noticed an orb of fire
 75596 | Zot:5    | Noticed an orb of fire
 75609 | Zot:5    | Killed an orb of fire
 75612 | Zot:5    | Killed an orb of fire
 75809 | Zot:5    | Got the Orb of Zot
 75910 | Zot:3    | Noticed Gogri the pandemonium lord
 75917 | Zot:3    | Killed Gogri the pandemonium lord
 76298 | D:8      | Noticed Gibbipn the pandemonium lord
 76451 | D:$      | Escaped with the Orb!

Illustrated notes

Levels and vault maps discovered:
D:1:      saegor_arrival_under_anarchy, layout_loops_corners,
          chequers_serial_rivers_micro_a
D:2:      layout_basic, minmay_3d_cube
D:3:      layout_basic, ebering_dispersal_statue_hall, uniq_robin
D:4:      layout_basic, serial_bayou_lagoon_a, lexackson_kobold_supper
D:5:      layout_loops_ring, grunt_temple_overflow_open, tgw_xom,
          elyvilon_altar_4, nemelex_spade_bored_becter, lemuel_crystal_altar,
          kennysheep_mini_moat, serial_glass, glass_columns_b, glass_columns_a,
          chequers_serial_rivers_room_b, uniq_duvessa
D:6:      cheibrodos_barr_body, layout_basic, serial_shops,
          nicolae_lakefront_shop, uniq_pikel
D:7:      layout_loops_ring, minmay_temple_entry_stoned_glass,
          chequers_serial_rivers_micro_d
D:8:      layout_basic, due_lair_maze_entry_diamond, serial_park_tiny_1,
          jiyva_altar_1, uniq_erica
D:9:      layout_roguey
D:10:     layout_irregular_city, david_orc_2, serial_shops, shop
D:11:     layout_rooms, uniq_maurice, uniq_erolcha
D:12:     layout_basic
D:13:     layout_roguey, erik_vaults_1, minivault_25_ag
D:14:     layout_gridville, serial_bayou_pond_e
D:15:     grunt_enter_depths_magical_seal, layout_grid_maze,
          chequers_serial_rivers_micro_e, gauntlet_entry_generic, uniq_agnes
Lair:1:   layout_regular_city, chequers_serial_rivers_micro_e,
          serial_bayou_pond_c, kennysheep_rathole
Lair:2:   layout_cave_pods
Lair:3:   beast_lair_carwin_large_1, layout_layer_cave,
          palyth_hydra_swamp_entry, minmay_snake_entry_six_corridors,
          nicolae_lair_grove_arrangements
Lair:4:   layout_regular_city, pdpol_lair_cavern_descent
Lair:5:   hangedman_lair_in_review, layout_hall_layers, slime_entry_2,
          infiniplex_staircase_pool_2
Swamp:1:  layout_basic_swamp, evilmike_swamp_ruin_house_6
Swamp:2:  layout_basic_swamp, evilmike_swamp_ruin_rubble_2, uniq_frances
Swamp:3:  layout_falls_marsh, nicolae_swamp_ascending_descending_big, uniq_kirke
Swamp:4:  grunt_swamp_rune_castle, layout_basic_swamp, gammafunk_ghost_grave,
          portal_ice_cave_entry_frozen_things, swamp_pool3
Snake:1:  layout_rooms, uniq_nikola
Snake:2:  layout_honeycomb
Snake:3:  layout_onion_interference, basic_altar, uniq_aizul, uniq_mlioglotl
Snake:4:  johnstein_snake_rune_scales, layout_grid_shapes
Slime:1:  nicolae_slime_infinislime, layout_caves
Slime:2:  layout_caves
Slime:3:  layout_caves
Slime:4:  layout_caves
Slime:5
Orc:1:    layout_diamond_mine, enter_volcano_3, mines4_lemuel
Orc:2:    pf_orc_diabolical, layout_diamond_mine
Elf:1:    eino_elf_arrival_the_gate, layout_loops_corners,
          hangedman_elf_represent
Elf:2:    elven_hall_of_blades_hangedman_original
          [nicolae_blade_entry_antechamber], layout_geoelf_grid,
          corexii_hall_statues_l, nicolae_elf_w_pinch, hangedman_elven_pyramids,
          st_stairs_5
Elf:3:    minmay_elf_hall_spiked, layout_geoelf_diagonals,
          serial_co_window_serial, co_window_paths_b, co_window_corner_a,
          co_window_paths_a, co_window_paths_b, co_window_corner_a,
          co_window_paths_b, co_window_paths_a, co_window_paths_a,
          co_window_corner_a, co_window_paths_c, co_window_of_opportunity_b,
          co_window_corner_b, co_window_corner_ca, glass_columns_b,
          glass_columns_a, glass_columns_a
Vaults:1: nicolae_vaults_sealed_display, v_misc_16, v_pattern_3,
          vaults_room_stairs_pillars, vaults_room_grunt_arrival_checkpoint,
          v_alt_pattern_3, vaults_mumra_hex, st_lattice,
          ontoclasm_vaults_ring_large, nicolae_vaults_gold_heap,
          dpeg_vaults_monster_box, layout_vaults_omnicross, uniq_donald
Vaults:2: nicolae_vaults_circle_grid_a, ontoclasm_vaults_bender,
          vaults_dpeg_emergency_exit, nicolae_vaults_little_squares_6,
          nicolae_vaults_yaktaur_gun_rack, vaults_dpeg_cross,
          vaults_standard_mumra_enter_the_diamond, vaults_dpeg_encased_lava,
          nicolae_vaults_border_crossing, layout_vaults_omnigrid, serial_shops,
          shop, uniq_sojobo, uniq_margery
Vaults:3: ontoclasm_vaults_ring_square, minmay_crypt_entry_simple_round,
          hangedman_vaults_nodes, v_rooms_3, grunt_vaults_focal, v_misc_16,
          v_rooms_5, ontoclasm_vaults_ring_small, vaults_mumra_lcd,
          vaults_dpeg_hooks, ontoclasm_vaults_loading_screen,
          layout_vaults_chaotic_city, serial_shops, nicolae_shop_trees
Vaults:4: hangedman_vaults_stream, vaults_dpeg_diagonal,
          nicolae_vaults_shelves_hall, nicolae_vaults_rhombus_6,
          hangedman_vaults_stitches, hangedman_vaults_corner_blocks, v_misc_27,
          vaults_dpeg_ring, hangedman_vaults_pinch, hangedman_vaults_locks,
          nicolae_vaults_little_squares_1, special_room_vaults
          [special_room_orc], v_misc_16, layout_vaults_omnibox
Vaults:5: serial_shops
Crypt:1:  layout_regular_city, basic_altar, corexii_leaking_fountain,
          minmay_misc_feat_hallway, st_stairs_8, grunt_megastairs_3
Crypt:2:  layout_gridlike, minivault_23, grunt_megastairs_1
Crypt:3:  david_glass_crypt, layout_misc_corridors,
          tomb_entry_forgotten_bobbens, grunt_megastairs_4
Depths:1: layout_cave_pools, grunt_mini_vestibule, pan_entry,
          nrook_mini_backslash, drop_trap, kennysheep_another_room,
          hangedman_corner_corridor, firewood_loft
Depths:2: grunt_twisty_corner, layout_gridville,
          nicolae_gozag_cash_rules_everything_around_me, hell_entry,
          grunt_pan_entry_spiral, minmay_gold_behind_fungi,
          minmay_shop_grid_forest, infiniplex_staircase_spiral_double
Depths:3: minmay_concentric_multi, layout_basic, pf_hell_entry_tar_river,
          kennysheep_nondescript, abyss_entry_small_statue_room, uniq_xtahua,
          uniq_josephina
Depths:4: grunt_zot_entry_bicorn, layout_honeycomb, enter_ziggurat_c,
          hellmouth_3, serial_sigils_hangedman_writhe
Zot:1:    layout_gridlike
Zot:2:    layout_twisted_circle, grunt_megastairs_5
Zot:3:    lemuel_draconian_sentries, layout_cathedral_of_symmetry,
          gammafunk_ghost_cemetery
Zot:4:    layout_misc_corridors
Zot:5:    layout_misc_corridors, guppyfry_library_mini

Skill      XL: |  1  2  3  4  5  6  7  8  9 10 11 12 13 14 15 16 17 18 19 20 21 22 23 24 25 26 27 |
---------------+----------------------------------------------------------------------------------+-----
Spellcasting   | 3 4 6 8 10 11 12 14 15 16 17 19 20 21 22 24 25 27 | 27.0
Summonings     | 4 5 6 7 8 9 10 11 12 14 15 16 17 19 21 23 25 26 27 | 27.0
Throwing       | 2 3 4 6 |  6.0
Hexes          | 1 2 |  2.0
Evocations     | 1 2 3 5 7 8 10 11 12 | 12.0
Fighting       | 3 7 9 10 12 13 15 16 18 19 21 24 27 | 27.0
Dodging        | 2 3 4 |  4.9
Air Magic      | 2 3 |  3.0
Armour         | 1 2 4 |  4.9
Invocations    | 2 5 8 9 11 12 21 | 21.0
Translocations | 2 4 |  4.0
Shields        | 2 4 |  4.9
Stealth        | |  1.4

Action                     |  1- 3 |  4- 6 |  7- 9 | 10-12 | 13-15 | 16-18 | 19-21 | 22-24 | 25-27 || total
---------------------------+-------+-------+-------+-------+-------+-------+-------+-------+-------++-------
  Melee: Unarmed           |    50 |    55 |    66 |   144 |   272 |    27 |     3 |    10 |    31 ||   658
         Punch             |       |       |       |       |    13 |       |       |       |       ||    13
  Throw: Dart              |       |       |       |       |     2 |     3 |       |       |       ||     5
         Stone             |       |       |       |       |       |     5 |       |       |       ||     5
   Cast: Summon Small Mamm |    36 |     2 |     1 |     6 |       |       |       |       |     2 ||    47
         Call Imp          |    18 |     7 |     3 |    12 |     2 |       |       |       |       ||    42
         Call Canine Famil |     1 |    24 |    61 |    66 |    44 |       |       |       |     1 ||   197
         Summon Guardian G |       |     4 |    23 |    22 |    28 |     8 |     7 |       |     2 ||    94
         Summon Lightning  |       |       |     1 |    17 |    29 |    11 |     4 |       |     1 ||    63
         Summon Forest     |       |       |       |     4 |    36 |    30 |    23 |    11 |    10 ||   114
         Summon Hydra      |       |       |       |       |    60 |   234 |   200 |    71 |     9 ||   574
         Monstrous Menager |       |       |       |       |       |       |    40 |    18 |     9 ||    67
         Summon Mana Viper |       |       |       |       |       |       |     5 |     6 |    17 ||    28
         Summon Horrible T |       |       |       |       |       |       |       |   138 |   175 ||   313
         Dragon's Call     |       |       |       |       |       |       |       |       |    32 ||    32
 Invoke: Recall Ancestor   |       |       |       |     2 |     3 |     8 |     4 |     3 |     6 ||    26
         Ancestor Life: Kn |       |       |       |     1 |       |       |       |       |       ||     1
         Transference      |       |       |       |     1 |     3 |    11 |     5 |     4 |     8 ||    32
         Idealise          |       |       |       |       |       |       |     2 |     4 |     9 ||    15
         Ancestor Identity |       |       |       |       |       |       |       |       |     2 ||     2
  Evoke: Wand              |       |       |     7 |     2 |    16 |    17 |     4 |     8 |    26 ||    80
         Tin of tremorston |       |       |       |       |       |     4 |     4 |     6 |       ||    14
         Lightning rod     |       |       |       |       |       |       |     4 |     4 |     4 ||    12
         Box of beasts     |       |       |       |       |       |       |     3 |     2 |     2 ||     7
         Condenser vane    |       |       |       |       |       |       |     5 |     7 |     3 ||    15
         Phial of floods   |       |       |       |       |       |       |     1 |     1 |     1 ||     3
    Use: Scroll            |       |     3 |     2 |     1 |    12 |    19 |     9 |    10 |     7 ||    63
         Potion            |       |       |       |       |     1 |     1 |     3 |    11 |    21 ||    37
   Stab: Distracted        |       |       |       |     2 |     5 |       |       |       |       ||     7
 Armour: Robe              |    41 |    18 |    35 |    31 |       |       |       |       |       ||   125
         Troll leather arm |       |       |       |    37 |    94 |    21 |       |       |       ||   152
         Swamp dragon scal |       |       |       |       |       |    48 |    77 |    53 |    70 ||   248
  Dodge: Dodged            |    49 |    31 |    61 |   140 |   235 |   196 |    86 |    50 |    80 ||   928
  Block: Kite shield       |       |       |       |       |       |   118 |   131 |   101 |    99 ||   449
         Reflection        |       |       |       |       |       |    12 |    13 |    16 |     3 ||    44

Table legend: (Time is in decaauts)
 A = Elapsed time spent in this place.
 B = Non-inter-level travel time spent in this place.
 C = Inter-level travel time spent in this place.
 D = Time resting spent in this place.
 E = Time spent auto-exploring this place.
 F = Levels seen in this place.
 G = Mean time per level.
                   A        B        C        D        E       F      G
               +--------+--------+--------+--------+--------+-----+--------+
         Total |  76652 |  71420 |   5232 |   8744 |  44981 |  58 | 1321.6 |
       Dungeon |  20612 |  18689 |   1923 |    485 |  13427 |  15 | 1374.1 |
          Lair |   8112 |   7552 |    560 |    922 |   5191 |   5 | 1622.4 |
         Swamp |   4678 |   4482 |    196 |    822 |   2730 |   4 | 1169.5 |
     Snake Pit |   5483 |   5256 |    227 |    949 |   3484 |   4 | 1370.8 |
    Slime Pits |   3723 |   3640 |     83 |   1622 |   1066 |   5 |  744.6 |
  Orcish Mines |   3667 |   3448 |    219 |    901 |   1775 |   2 | 1833.5 |
   Elven Halls |   3766 |   3671 |     95 |    248 |   2575 |   3 | 1255.3 |
        Vaults |   8436 |   7677 |    759 |    780 |   5268 |   5 | 1687.2 |
         Crypt |   4144 |   3930 |    214 |    503 |   2498 |   3 | 1381.3 |
        Depths |   5299 |   4621 |    678 |    218 |   2968 |   4 | 1324.8 |
           Zot |   5555 |   5282 |    273 |    363 |   3182 |   5 | 1111.0 |
      Ice Cave |   1267 |   1267 |      0 |    539 |    399 |   1 | 1267.0 |
       Volcano |    699 |    699 |      0 |     35 |    302 |   1 |  699.0 |
      Gauntlet |   1204 |   1204 |      0 |    356 |    116 |   1 | 1204.0 |
               +--------+--------+--------+--------+--------+-----+--------+

Top non-repeatable levels by time:
   Orc:2: 2696 daAuts
 Snake:4: 2403 daAuts
     D:6: 2085 daAuts
Vaults:2: 2040 daAuts
  Lair:5: 2028 daAuts
Vaults:3: 1931 daAuts
     D:8: 1845 daAuts
  Lair:3: 1748 daAuts
 Crypt:3: 1703 daAuts
     D:5: 1695 daAuts
    D:15: 1647 daAuts
Depths:2: 1639 daAuts
     D:9: 1613 daAuts
     D:1: 1558 daAuts
    D:14: 1556 daAuts
